 Dungeon Crawl Stone Soup version 0.22-a0-580-gd5db89c09a (webtiles) character file.

98 Kholdaimon the Ducker (level 4, -5/35 HPs)
             Began as a Merfolk Gladiator on July 3, 2018.
             Slain by Sigmund
             ... wielding a +0 scythe
              (6 damage)
             ... on level 2 of the Dungeon.
             The game lasted 00:05:58 (1328 turns).

Kholdaimon the Ducker (Merfolk Gladiator)           Turns: 1328, Time: 00:05:59

Health: -5/35      AC:  5    Str: 14    XL:     4   Next: 71%
Magic:  4/4        EV: 14    Int:  8    God:
Gold:   104        SH:  0    Dex: 15    Spells: 3/3 levels left

rFire    . . .     SeeInvis .   a - +0 long sword
rCold    . . .     Gourm    .   (no shield)
rNeg     . . .     Faith    .   b - +0 leather armour
rPois    .         Spirit   .   c - +0 helmet
rElec    .         Reflect  .   p - +0 cloak
rCorr    .         Harm     .   (no gloves)
MR       .....                  (no boots)
Stlth    +.........             (no amulet)
HPRegen  0.11/turn              (no ring)
MPRegen  0.09/turn              (no ring)

@: no status effects
A: change form in water, swift swim, stealthy swim
a: no special abilities


You were on level 2 of the Dungeon.
You were hungry.

You visited 1 branch of the dungeon, and saw 2 of its levels.

You collected 104 gold pieces.

Inventory:

Hand Weapons
 a - a +0 long sword (weapon)
Missiles
 d - 3 throwing nets
 k - 6 stones (quivered)
 l - 17 poisoned needles
Armour
 b - a +0 leather armour (worn)
 c - a +0 helmet (worn)
 e - a +0 ring mail
 m - a +0 ring mail
 p - a +0 cloak (worn)
Scrolls
 h - a scroll of enchant weapon {unknown}
 i - 2 scrolls of remove curse {unknown}
 j - 3 scrolls of immolation {unknown}
 n - 2 scrolls of identify {unknown}
Potions
 o - a potion of mutation {unknown}
Comestibles
 f - 3 rations
 g - 3 chunks of flesh


   Skills:
 - Level 3.0 Fighting
 * Level 4.8 Long Blades
 - Level 2.0 Throwing
 + Level 5.0 Dodging


You had 3 spell levels left.
You didn't know any spells.
Your spell library was empty.

Dungeon Overview and Level Annotations

Branches:
Dungeon (2/15)

Altars:

Annotations:
D:2 Sigmund


Message History

You are feeling hungry.
The worm bites you.
You barely miss the worm.
The worm is heavily wounded.
Sigmund closely misses you. The worm bites you!
* * * LOW HITPOINT WARNING * * *
You completely miss the worm.
The worm is moderately wounded.
Sigmund closely misses you. The worm misses you.
You hit the worm but do no damage.
The worm is moderately wounded.
Sigmund misses you.
You slash the worm!
The worm is almost dead.
The worm bites you.
* * * LOW HITPOINT WARNING * * *
You hit the worm.
The worm is almost dead.
Sigmund hits you from afar with a scythe.
You die...

#.########. #@#
#. #.# #. #.# #.
######.# #.
#....@.# #. ###
##@#############.
###...##...#
#........
......w@...#
#.##.....
###...##...#
#.##.#... ###
##### #.##...<.
#.####...
#.##.....
#........
####.#### #.# #
#.# #


You could see Sigmund and a worm.

Vanquished Creatures
  Jessica (D:2)
  2 adders (D:2)
  3 oozes
  3 leopard geckos
  A ball python (D:1)
  5 goblins
  7 hobgoblins
  A quokka (D:2)
  6 bats
  2 frilled lizards (D:1)
  3 kobolds (D:1)
  4 rats
38 creatures vanquished.

Notes
Turn   | Place    | Note
-------+----------+-------------------------------------------
     0 | D:1      | Kholdaimon the Merfolk Gladiator began the quest for the Orb.
     0 | D:1      | Reached XP level 1. HP: 16/16 MP: 1/1
   107 | D:1      | Reached XP level 2. HP: 17/23 MP: 2/2
   342 | D:1      | Reached XP level 3. HP: 20/28 MP: 3/3
  1015 | D:2      | Reached XP level 4. HP: 35/35 MP: 4/4
  1184 | D:2      | Noticed Jessica
  1192 | D:2      | Killed Jessica
  1200 | D:2      | Reached skill level 5 in Dodging
  1293 | D:2      | Noticed Sigmund
  1327 | D:2      | HP: 1/35 [worm (2)]
  1328 | D:2      | Slain by Sigmund

Vault maps used:
D:1:      matt_arrival_refuge
D:2:      first_ration, kennysheep_jessica_study, uniq_sigmund

Skill      XL: |  1  2  3  4 |
---------------+-------------+-----
Long Blades    | 4 |  4.8
Fighting       | 3 |  3.0
Dodging        | 5 |  5.0
Throwing       | |  2.0

Action                   |  1- 3 |  4- 6 || total
-------------------------+-------+-------++-------
Melee: Long sword        |    69 |    24 ||    93
Throw: Stone             |     3 |     9 ||    12
 Stab: Sleeping          |     1 |       ||     1
  Eat: Chunk             |       |     1 ||     1
Armor: Leather armour    |    18 |     4 ||    22
Dodge: Dodged            |    73 |    20 ||    93
       Rpst.: Long sword |    29 |     7 ||    36

Table legend:
 A = Spawn XP
 B = Non-spawn XP
 C = Spawn XP percentage of total XP
 D = Spawn monster count
 E = Non-spawn monster count
 F = Spawn count percentage of total count
 G = Total turns spent on level
                    A         B        C        D         E        F      G
               +---------+---------+-------+---------+---------+-------+---------
         Total |       0 |     141 |   0.0 |       0 |      38 |   0.0 |  1328
               +---------+---------+-------+---------+---------+-------+---------
           D:1 |       0 |      43 |   0.0 |       0 |      21 |   0.0 |   661
           D:2 |       0 |      98 |   0.0 |       0 |      17 |   0.0 |   667
               +---------+---------+-------+---------+---------+-------+---------
